 Dungeon Crawl Stone Soup version 0.25-a0-834-g55863b0b92 (webtiles) character file.

Game seed: 16060119630174759534, levelgen mode: deterministic

449 kae the Ruffian (level 6, -6/47 HPs)
             Began as a Draconian Transmuter on Apr 23, 2020.
             Was a Believer of Uskayaw.
             Mangled by a hippogriff (12 damage)
             ... on level 3 of the Dungeon.
             The game lasted 00:05:27 (5091 turns).

kae the Ruffian (Draconian Transmuter)              Turns: 5091, Time: 00:05:28

Health: -6/47      AC:  7    Str: 12    XL:     6   Next: 74%
Magic:  10/11      EV: 12    Int: 16    God:    Uskayaw [**....]
Gold:   144        SH:  0    Dex: 11    Spells: 2/12 levels left

rFire    . . .     SeeInvis .   e - +1 hand axe
rCold    . . .     Gourm    .   (no shield)
rNeg     . . .     Faith    .   (armour unavailable)
rPois    .         Spirit   .   n - +1 hat
rElec    .         Reflect  .   (no cloak)
rCorr    .         Harm     .   (no gloves)
MR       .....                  (no boots)
Stlth    +.........             (no amulet)
HPRegen  0.15/turn              (no ring)
MPRegen  0.12/turn              (no ring)

@: stab
A: unfitting armour, cold-blooded, AC +6
a: Stomp, Line Pass, Renounce Religion


You were on level 3 of the Dungeon.
You worshipped Uskayaw.
Uskayaw was noncommittal.
You were near starving.

You visited 1 branch of the dungeon, and saw 4 of its levels.

You collected 144 gold pieces.

Inventory:

Hand Weapons
 e - a +1 hand axe (weapon)
Missiles
 a - 39 arrows
Armour
 n - a +1 hat (worn)
Jewellery
 f - a cursed amulet of inaccuracy
 k - an uncursed amulet of rage
 m - an uncursed ring of protection from magic {unknown}
 p - an uncursed ring of stealth {unknown}
Potions
 d - 2 potions of flight
 l - 3 potions of lignification {unknown}
Comestibles
 c - 9 rations


   Skills:
 - Level 1.1 Fighting
 - Level 1.7 Dodging
 * Level 5.7 Unarmed Combat
 + Level 3.6 Spellcasting
 + Level 4.0 Transmutations
 + Level 0.7 Invocations


You had 2 spell levels left.
You knew the following spells:

 Your Spells              Type           Power        Failure   Level  Hunger
a - Beastly Appendage     Tmut           ###...       3%          1    None
b - Sticks to Snakes      Tmut           ###.....     4%          2    ##.....
c - Spider Form           Tmut/Pois      #.........   22%         3    ###....
d - Ice Form              Ice/Tmut       #.......     58%         4    ####...

Your spell library contained the following spells:

 Spells                   Type           Power        Failure   Level  Hunger
 Blade Hands              Tmut           ###.......   67%         5    ######.


Dungeon Overview and Level Annotations

Branches:
Dungeon (4/15)
 Temple: D:4-7

Altars:
Uskayaw

Annotations:
D:4 Grinder


Innate Abilities, Weirdness & Mutations

Your plain brown scales are hard. (AC +6)
You cannot fit into any form of body armour.
You are cold-blooded and may be slowed by cold attacks.


Message History

* * * LOW HITPOINT WARNING * * *
You feel better. The hippogriff barely misses you. The hippogriff misses you.
The hippogriff claws you but does no damage.
It was a potion of brilliance.
You feel clever all of a sudden. The hippogriff closely misses you.
The hippogriff pecks you.
* * * LOW HITPOINT WARNING * * *
The hippogriff claws you.
* * * LOW HITPOINT WARNING * * *
It was a potion of cancellation.
Your magical effects are unravelling.
You feel magically purged.
You feel a little less clever now. The hippogriff bites you.
* * * LOW HITPOINT WARNING * * *
The hippogriff misses you. x2
It was a potion of stabbing.
You feel ready to backstab. The hippogriff bites you!
You die...

###########.#....#####...#....#.#
#........#....# #...#.#.....
#.###.........# #.###.#.##.# #.#
#.#.......# ##.....#.##.# #.#
#.##.##.#.# #.....((.##.. #.#
#.##......# #.....(..#### #.#
#.######..## #........# #<#
#........H.# #........# #.#
#########@.# #........# ###
###..# #...)....# #....#
#........# #.#### #........#
#.#<# ########.# #.#.# #.# ###.#
#.# ## #.# #.# #. #.# #.###.


You could see a hippogriff.

Vanquished Creatures
  Sigmund (D:2)
  A centaur (D:4)
  Terence (D:2)
  10 adders (D:2)
  An ooze (D:2)
  2 worms
  A dart slug (D:2)
  5 leopard geckos
  5 orcs (D:3)
  2 giant cockroaches
  10 goblins
  2 hobgoblins
  8 jackals
  10 kobolds
  3 quokkas
  2 ball pythons (D:2)
  13 bats
  2 frilled lizards
  9 rats
88 creatures vanquished.

Notes
Turn   | Place    | Note
-------+----------+-------------------------------------------
     0 | D:1      | kae the Draconian Transmuter began the quest for the Orb.
     0 | D:1      | Reached XP level 1. HP: 16/16 MP: 3/3
   153 | D:1      | Reached XP level 2. HP: 9/23 MP: 5/5
  1228 | D:1      | Reached XP level 3. HP: 22/28 MP: 4/6
  1242 | D:1      | Learned a level 2 spell: Sticks to Snakes
  1246 | D:1      | Learned a level 3 spell: Spider Form
  1601 | D:2      | Noticed Sigmund
  2074 | D:2      | Killed Sigmund
  2074 | D:2      | Reached skill level 4 in Unarmed Combat
  2074 | D:2      | Reached XP level 4. HP: 8/35 MP: 0/8
  2074 | D:2      | Reached XP level 5. HP: 9/40 MP: 0/9
  2621 | D:2      | Noticed Terence
  2632 | D:2      | Killed Terence
  2632 | D:2      | Reached skill level 5 in Unarmed Combat
  2852 | D:2      | Reached XP level 6. HP: 47/47 MP: 10/10
  3910 | D:3      | Learned a level 4 spell: Ice Form
  3967 | D:3      | Found a hide-covered altar of Uskayaw.
  4080 | D:3      | Became a worshipper of Uskayaw the Reveler
  4140 | D:3      | Reached * piety under Uskayaw
  4301 | D:3      | Reached ** piety under Uskayaw
  5073 | D:4      | Noticed a hippogriff
  5080 | D:4      | Noticed Grinder
  5083 | D:4      | Reached *** piety under Uskayaw
  5091 | D:3      | Mangled by a hippogriff

Levels and vault maps discovered:
D:1:      sevenhm_arrival_forest_fort_large_2, layout_basic
D:2:      wad_river_or_something, layout_loops_ring, serial_glass,
          glass_columns_a, glass_columns_a, due_unseen_surprise,
          feat_on_display, feat_on_display, item_on_display_a, first_ration,
          uniq_sigmund, uniq_terence
D:3:      layout_basic, eat_drink_and_be_merry_uskayaw
D:4:      layout_rooms, uniq_grinder

Skill      XL: |  1  2  3  4  5  6 |
---------------+-------------------+-----
Unarmed Combat | 4 5 |  5.7
Spellcasting   | 3 |  3.6
Transmutations | 3 4 |  4.0
Fighting       | |  1.1
Dodging        | |  1.7
Invocations    | |  0.7

Action                   |  1- 3 |  4- 6 || total
-------------------------+-------+-------++-------
Melee: Unarmed           |    29 |    54 ||    83
       Headbutt          |     4 |     6 ||    10
       Tailslap          |     4 |    14 ||    18
       Kick              |     3 |     4 ||     7
       Hand axe          |    75 |   167 ||   242
       Punch             |       |     4 ||     4
 Cast: Beastly Appendage |    16 |    18 ||    34
       Spider Form       |     1 |     8 ||     9
  Use: Potion            |     2 |     5 ||     7
       Scroll            |     1 |     6 ||     7
 Stab: Sleeping          |     1 |     2 ||     3
       Paralysed         |       |     1 ||     1
  Eat: Chunk             |     1 |     9 ||    10
       Ration            |     1 |       ||     1
Armor: Skin              |    41 |    99 ||   140
Dodge: Dodged            |    91 |   221 ||   312

Table legend:
 A = Non-vault XP
 B = Vault XP
 C = Vault XP percentage of total XP
 D = Non-vault monster count
 E = Vault monster count
 F = Vault count percentage of total count
                 A         B        C        D         E       F
            +---------+---------+-------+---------+---------+-------
      Total |     351 |     291 |  45.3 |      77 |      11 |  12.5
            +---------+---------+-------+---------+---------+-------
        D:1 |      43 |       0 |   0.0 |      24 |       0 |   0.0
        D:2 |     154 |     291 |  65.4 |      33 |      11 |  25.0
        D:3 |      42 |       0 |   0.0 |      19 |       0 |   0.0
        D:4 |     112 |       0 |   0.0 |       1 |       0 |   0.0
            +---------+---------+-------+---------+---------+-------
